 Dungeon Crawl Stone Soup version 0.30-a0-996-ga6910c8ee8 (webtiles) character file.

Game seed: 6194776628070686334

3313 DeathPants the Trooper (level 10, 0/55 HPs)
             Began as a Vine Stalker Monk on Apr 4, 2023.
             Succumbed to orange demon's concentrated venom
             ... on level 8 of the Dungeon.
             The game lasted 00:29:23 (7877 turns).

DeathPants the Trooper (Vine Stalker Monk)          Turns: 7877, Time: 00:29:24

Health: 0/55       AC: 11    Str: 17    XL:     10   Next: 1%
Magic:  9/27       EV: 13    Int: 14    God:
Gold:   154        SH:  0    Dex: 17    Spells: 16/19 levels left

rFire   . . .      SeeInvis +    b - +2 dagger (venom)
rCold   + + .      Faith    .    (no shield)
rNeg    . . .      Spirit   +    d - +0 robe
rPois   .          Reflect  .    j - +1 hat
rElec   .          Rampage  .    u - +1 cloak
rCorr   .                        t - +1 pair of gloves
Will    +....                    (no boots)
Stlth   ++                       w - amulet of Rufytea {RegenMP Fragile rC++ Str+3 SInv}
HPRegen 1.09/turn                q - ring of magical power
MPRegen 0.60/turn                y - +4 ring of protection

@: mighty, lethally poisoned (0 -> -4), flying, slowed, very slow
A: fangs 3, regeneration 1, magic shield, antimagic bite, no potion heal 2
a: no special abilities


You were on level 8 of the Dungeon.
You visited 2 branches of the dungeon, and saw 9 of its levels.

You collected 430 gold pieces.
You spent 276 gold pieces at shops.

Inventory:

Hand Weapons
 a - a +3 scimitar
 b - a +2 dagger of venom (weapon)
Missiles
 i - 4 boomerangs of dispersal
 n - 6 javelins (quivered)
 s - 5 poisoned darts
Armour
 d - a +0 robe (worn)
 j - a +1 hat (worn)
 l - a scarf of repulsion
 t - a +1 pair of gloves (worn)
 u - a +1 cloak (worn)
Jewellery
 o - a ring of see invisible
 q - a ring of magical power (left hand)
 w - the amulet of Rufytea (around neck) {RegenMP Fragile rC++ Str+3 SInv}
   (You found it on level 5 of the Dungeon)

   [amulet of magic regeneration]

   It increases your rate of magic regeneration.
   Str:       It affects your strength (+3).
   rC:        It greatly protects you from cold.
   SInv:      It lets you see invisible.
   Fragile:   It will be destroyed if unequipped.
 y - a +4 ring of protection (right hand)
Wands
 A - a wand of paralysis (7)
Scrolls
 e - 6 scrolls of vulnerability
 k - a scroll of fog
 r - 3 scrolls of teleportation
 C - a scroll of amnesia
Potions
 c - a potion of ambrosia
 f - a potion of magic
 g - 5 potions of lignification
 h - a potion of cancellation
 p - a potion of attraction
 v - a potion of resistance
 x - a potion of mutation
 z - a potion of brilliance


   Skills:
 + Level 7.2 Fighting
 - Level 6.4(7.0) Short Blades
 * Level 4.1(5.8) Long Blades
 - Level 3.2 Dodging
 - Level 3.3 Stealth
 - Level 5.0 Spellcasting
 - Level 5.8 Hexes


You had 16 spell levels left.
You knew the following spells:

 Your Spells              Type           Power      Damage    Failure   Level
a - Confusing Touch       Hex            19%        N/A       4%          3

Your spell library contained the following spells:

 Spells                   Type           Power      Damage    Failure   Level
 Slow                     Hex            76%        N/A       1%          1
 Freeze                   Ice            12%        1d3       17%         1
 Frozen Ramparts          Ice            6%         1d1       45%         3
 Gell's Gravitas          Tloc           3%         N/A       45%         3
 Hailstorm                Conj/Ice       3%         3d3       45%         3
 Stone Arrow              Conj/Erth      6%         3d7       45%         3
 Teleport Other           Tloc           3%         N/A       45%         3
 Vampiric Draining        Necr           3%         2d6       45%         3
 Animate Armour           Summ/Erth      6%         N/A       86%         4
 Dispersal                Tloc           1%         N/A       100%        6
 Lehudib's Crystal Spear  Conj/Erth      1%         10d2      100%        8


Dungeon Overview and Level Annotations

Branches:
Dungeon (8/15)             Temple (1/1) D:6
   Lair: D:8-11

Altars:
Ashenzari
Elyvilon
Hepliaklqana
Kikubaaqudgha
Nemelex Xobeh
Qazlal
Vehumet
Zin

Shops:
D:6 [*:

Annotations:
D:6 exclusion: statue


Innate Abilities, Weirdness & Mutations

You have razor-sharp teeth.
Your natural rate of healing is unusually fast.
When hurt, damage is shared between your health and your magic reserves.
Your bite disrupts and absorbs the magic of your enemies.
Potions cannot restore your health.


Message History

Amaemon hits you with a +0 demon whip of venom.
You are more poisoned.
Amaemon misses you. Amaemon tail-slaps you.
You are lethally poisoned!
Amaemon poisons you! The scorpion closely misses you.
You hit the scorpion.
The scorpion is heavily wounded.
You feel extremely sick.
The orange demon stings you but does no damage.
The scorpion misses you. Amaemon closely misses you. Amaemon claws you.
* * * LOW HITPOINT WARNING * * *
Amaemon tail-slaps you but does no damage.
You hit the scorpion.
The scorpion looks as sick as possible!
Your bite misses the scorpion.
The scorpion is almost dead.
* * * LOW HITPOINT WARNING * * *
You feel extremely sick.
You kill the scorpion!
The scorpion's corpse disappears in a puff of smoke!
The orange demon barely misses you.
Amaemon falters for a moment.
Your system rejects the healing.
You feel better.
You kill Amaemon!
The scorpion disappears in a puff of smoke!
The orange demon stings you from afar. The orange demon stings you from afar!
* * * LOW HITPOINT WARNING * * *
You are lethally poisoned!
You have difficulty breathing.
* * * LOW HITPOINT WARNING * * *
You feel as though you will be slow longer.
Your Fighting skill increases to level 7!
Your base Long Blades skill gained 2 levels and is now at level 4!
You have reached level 10!
It was a potion of flight.
You feel very buoyant.
You fly up into the air.
* * * LOW HITPOINT WARNING * * *
You feel very sick.
The orange demon no longer looks unusually toxic.
The orange demon barely misses you.
You die...

#............
#....<....... #+
#.###'#####.#
#..######.###..#
#...(..........#
#..............#
#..............#
..####.####.###
#@####.#######
#.4.#..........#
#...#..........#
##..##...##..######
#..##...#######..##
...#.............[#
...#..............#
####################


You could see an orange demon.

Vanquished Creatures
  Amaemon (D:8)
  Grinder (D:3)
  A hornet (D:7)
  Menkaure (D:6)
  Edmund (D:5)
  3 water moccasins
  A black bear (D:5)
  An ice beast (D:6)
  2 ogres (D:5)
  2 phantoms
  2 bullfrogs (D:7)
  6 scorpions
  4 wights (D:6)
  An electric eel (D:6)
  2 howler monkeys
  A jelly (D:5)
  A hound (D:4)
  A gnoll bouda (D:5)
  An orc priest (D:5)
  3 iguanas
  2 sleepcaps (D:5)
  An orc wizard (D:5)
  A mummy (D:4)
  4 gnolls
  8 adders
  A shadow imp (D:6)
  A white imp (D:7)
  An ufetubus (D:6)
  5 dart slugs
  30 orcs
  7 ball pythons
  3 endoplasms (D:1)
  7 giant cockroaches
  4 goblins
  5 hobgoblins
  4 quokkas
  6 bats
  2 frilled lizards
  4 kobolds
  A kobold zombie (D:4)
  An orc zombie (D:4)
  4 rats
138 creatures vanquished.

Vanquished Creatures (others)
  3 plants (D:4)
3 creatures vanquished.

Grand Total: 141 creatures vanquished

Notes
Turn   | Place    | Note
-------+----------+-------------------------------------------
     0 | D:1      | DeathPants the Vine Stalker Monk began the quest for the
                  | Orb.
     0 | D:1      | Reached XP level 1. HP: 11/11 MP: 2/2
   141 | D:1      | Reached XP level 2. HP: 16/16 MP: 3/3
   705 | D:1      | Reached skill level 3 in Fighting
  1005 | D:2      | Reached XP level 3. HP: 16/20 MP: 2/4
  1092 | D:2      | Found a sparkling altar of Nemelex Xobeh.
  1499 | D:2      | Gained mutation: Your natural rate of healing is unusually
                  | fast. [Vine Stalker growth]
  1499 | D:2      | Reached XP level 4. HP: 24/24 MP: 5/5
  1503 | D:2      | Learned a level 3 spell: Confusing Touch
  2067 | D:3      | Found an ancient bone altar of Kikubaaqudgha.
  2183 | D:3      | Noticed Grinder
  2213 | D:3      | Killed Grinder
  2214 | D:3      | Reached XP level 5. HP: 29/29 MP: 9/9
  2214 | D:3      | Reached XP level 6. HP: 33/33 MP: 10/10
  2254 | D:3      | Found a faded altar of an unknown god.
  2438 | D:3      | Reached skill level 4 in Fighting
  3057 | D:4      | Found a hazy altar of Hepliaklqana.
  3211 | D:5      | Entered Level 5 of the Dungeon
  3519 | D:4      | Reached XP level 7. HP: 37/37 MP: 12/12
  4717 | D:5      | Noticed Edmund
  4746 | D:5      | Gained mutation: You have razor-sharp teeth. [Vine Stalker
                  | growth]
  4746 | D:5      | Reached XP level 8. HP: 24/42 MP: 14/14
  4756 | D:5      | Killed Edmund
  4757 | D:5      | Reached skill level 5 in Fighting
  4757 | D:5      | Reached skill level 5 in Short Blades
  5111 | D:6      | Noticed Menkaure
  5121 | D:6      | Killed Menkaure
  5325 | D:5      | Identified the amulet of Rufytea {RegenMP Fragile rC++
                  | Str+3 SInv}
  5684 | D:5      | Reached skill level 5 in Spellcasting
  5684 | D:5      | Reached skill level 5 in Hexes
  5684 | D:5      | Reached XP level 9. HP: 46/48 MP: 17/17
  5862 | D:6      | Reached skill level 6 in Fighting
  5933 | D:6      | Found a staircase to the Ecumenical Temple.
  5952 | Temple   | Entered the Ecumenical Temple
  6089 | D:7      | Noticed a hornet
  6090 | D:7      | Killed a hornet
  6159 | D:6      | Found a glowing silver altar of Zin.
  6159 | D:6      | Noticed an angel
  6178 | D:6      | Found a sparkling altar of Nemelex Xobeh.
  6321 | D:6      | Found a white marble altar of Elyvilon.
  6650 | D:6      | Found Woneoc's Book Emporium.
  6690 | D:6      | Found Ukkyf's Assorted Antiques.
  6692 | D:6      | Found Menulu's Armour Emporium.
  6698 | D:6      | Bought 2 fuming cyan potions for 39 gold pieces
  6698 | D:6      | Bought a scroll of identify for 44 gold pieces
  6698 | D:6      | Bought a scroll of identify for 44 gold pieces
  6717 | D:6      | Found a radiant altar of Vehumet.
  6761 | D:6      | Bought a +1 cloak for 149 gold pieces
  7037 | D:6      | Reached skill level 1 in Long Blades
  7325 | D:7      | Found a stormy altar of Qazlal.
  7494 | D:7      | Found a broken altar of Ashenzari.
  7861 | D:8      | Noticed Amaemon
  7861 | D:8      | Noticed an orange demon
  7875 | D:8      | Killed Amaemon
  7876 | D:8      | Reached skill level 7 in Fighting
  7876 | D:8      | Reached XP level 10. HP: 5/55 MP: 8/18
  7876 | D:8      | HP: 1/55 [poisoned by orange demon (concentrated venom)]
  7877 | D:8      | Succumbed to orange demon's concentrated venom

Illustrated notes

Levels and vault maps discovered:
D:1:      pf_arrival_petrified_forest, layout_basic, st_stairs_12
D:2:      minmay_chambers_of_twos, layout_basic, basic_altar
D:3:      layout_loops_corners, nicolae_kikubaaqudgha_miasma_corner,
          basic_ecumenical_altar, minmay_door_square, uniq_grinder
D:4:      layout_basic, nicolae_hepliaklqana_hazy_memory,
          nicolae_ossuary_entry_giza
D:5:      minmay_octagon_keep, layout_basic, uniq_edmund
D:6:      mumra_celtic_spiral_tile, layout_loops_ring, zin_angel,
          lemuel_doored_altar, vehumet_statue, lemuel_round_altar,
          minmay_temple_entry_statues_pillars, minivault_26,
          nicolae_wooded_promenade, uniq_menkaure
D:7:      layout_rooms, cheibrodos_ashenzari_chains,
          mainiacjoe_overflow_surrounded_room, minmay_crystal_water,
          dk_noncrumbling_2
D:8:      layout_gridville, nicolae_grassy_gnolls, uniq_amaemon
Temple:   hc_temple_tempest_star

Skill      XL: |  1  2  3  4  5  6  7  8  9 |
---------------+----------------------------+-----
Fighting       | 3 4 5 7 |  7.2
Short Blades   | 3 4 5 6 |  6.4
Stealth        | 3 |  3.3
Spellcasting   | 2 3 5 |  5.0
Hexes          | 2 3 5 |  5.8
Long Blades    | 4 |  4.1
Dodging        | 3 |  3.2

Action                     |  1- 3 |  4- 6 |  7- 9 | 10-12 || total
---------------------------+-------+-------+-------+-------++-------
  Melee: Short sword       |    94 |   199 |    52 |       ||   345
         Bite              |    24 |    75 |   131 |       ||   230
         Punch             |     1 |     6 |     8 |       ||    15
         Dagger            |       |    20 |   299 |       ||   319
         Scimitar          |       |       |     7 |       ||     7
  Throw: Javelin           |       |     2 |     3 |       ||     5
   Cast: Confusing Touch   |       |       |     4 |       ||     4
  Evoke: Wand              |       |       |     1 |       ||     1
    Use: Scroll            |       |    11 |     9 |       ||    20
         Potion            |       |     1 |     2 |     1 ||     4
   Stab: Sleeping          |    10 |     3 |     4 |       ||    17
         Invisible         |       |     3 |       |       ||     3
         Distracted        |       |       |     1 |       ||     1
         Confused          |       |       |     2 |       ||     2
 Armour: Robe              |    17 |    30 |    55 |       ||   102
         Skin              |       |     9 |       |       ||     9
  Dodge: Dodged            |    63 |    99 |   200 |     1 ||   363
         Repelled          |       |       |     1 |       ||     1

Table legend: (Time is in decaauts)
 A = Elapsed time spent in this place.
 B = Non-inter-level travel time spent in this place.
 C = Inter-level travel time spent in this place.
 D = Time resting spent in this place.
 E = Time spent auto-exploring this place.
 F = Levels seen in this place.
 G = Mean time per level.
                   A        B        C        D        E       F      G
               +--------+--------+--------+--------+--------+-----+--------+
         Total |   7742 |   7422 |    320 |    277 |   5182 |   9 |  860.2 |
       Dungeon |   7740 |   7420 |    320 |    277 |   5182 |   8 |  967.5 |
        Temple |      1 |      1 |      0 |      0 |      0 |   1 |    1.0 |
               +--------+--------+--------+--------+--------+-----+--------+

Top non-repeatable levels by time:
     D:5: 1493 daAuts
     D:4: 1397 daAuts
     D:6: 1325 daAuts
     D:3: 1087 daAuts
     D:2: 1046 daAuts
     D:1: 704 daAuts
     D:7: 593 daAuts
     D:8: 91 daAuts
  Temple: 1 daAuts
